 Dungeon Crawl Stone Soup version 0.27.1-33-g824d729ab1 (webtiles) character file.

Game seed: 1397910693988435035

214 demibob the Slasher (level 5, 0/45 HPs)
             Began as a Minotaur Chaos Knight on Nov 26, 2021.
             Was a Plaything of Xom.
             Succumbed to a water moccasin's poison
             ... on level 4 of the Dungeon.
             The game lasted 00:04:36 (2348 turns).

demibob the Slasher (Minotaur Chaos Knight)         Turns: 2348, Time: 00:04:37

Health: 0/45       AC:  8    Str: 17    XL:     5   Next: 59%
Magic:  1/4        EV: 10    Int:  7    God:    Xom [......]
Gold:   122        SH:  0    Dex: 10    Spells: 4/4 levels left

rFire    + . .     SeeInvis .   a - +1 falchion (chaos)
rCold    + . .     Faith    .   (no shield)
rNeg     . . .     Spirit   +   f - +3 ring mail
rPois    +         Reflect  .   (helmet restricted)
rElec    +         Harm     .   (no cloak)
rCorr    +         Rampage  .   (no gloves)
Will     .....                  (no boots)
Stlth    ..........             g - amulet of guardian spirit
HPRegen  0.15/turn              (no ring)
MPRegen  0.09/turn              (no ring)

@: lethally poisoned (0 -> -5), resistant, hasted, very quick
A: horns 2, retaliatory headbutt, dopey 1, no potion heal 1
a: Renounce Religion


You were on level 4 of the Dungeon.
You worshipped Xom.
You were a very special plaything of Xom.
You visited 1 branch of the dungeon, and saw 4 of its levels.

You collected 122 gold pieces.


Innate Abilities, Weirdness & Mutations

You have a pair of horns on your head.
You reflexively headbutt those who attack you in melee.
You are dopey. (Int -2)
Potions are less effective at restoring your health.


   Skills:
 - Level 3.6 Fighting
 + Level 7.7 Long Blades
 - Level 2.4 Armour
 - Level 1.1 Dodging


You had 4 spell levels left.
You didn't know any spells.
Your spell library contained the following spells:

 Spells                   Type           Power      Damage    Failure   Level
 Beastly Appendage        Tmut           0%         N/A       63%         1
 Magic Dart               Conj           0%         1d3       63%         1
 Call Imp                 Summ           0%         N/A       77%         2
 Wereblood                Tmut           0%         N/A       77%         2
 Mephitic Cloud           Conj/Pois/Air  0%         N/A       94%         3
 Spider Form              Tmut/Pois      0%         N/A       94%         3
 Stone Arrow              Conj/Erth      0%         3d7       94%         3
 Bolt of Magma            Conj/Fire/Erth 0%         4d4       100%        5
 Shatter                  Erth           0%         3d5*      100%        9

Inventory:

Hand Weapons
 a - a +1 falchion of chaos (weapon)
Missiles
 c - 3 throwing nets (quivered) {=f}
Armour
 f - a +3 ring mail (worn)
Jewellery
 g - an amulet of guardian spirit (around neck)
Potions
 d - 2 potions of invisibility

Dungeon Overview and Level Annotations

Branches:
Dungeon (4/15)             Temple (0/1) D:4

Altars:

Shops:
D:2

* ### .. .. ... .░..
##.. ░...######...
░░........#.## #
░░...##.......#.#
..░░....##.#.......#
░.....░..##..§§#..####.
░░.>..░...##.#§§@.......
░....░░.#.....○☼....#...
░...░░..###.#######.#
.░░..░░░.###.# #
#..░.░░░.#...#
#....░..#.### #....##.#
#.#####.## #.# #..##


There were no monsters in sight!


Message History

The water moccasin bites you.
* * * LOW HITPOINT WARNING * * *
Unknown command.
It was a potion of resistance.
You feel protected.
Xom roars with laughter!
* * * LOW HITPOINT WARNING * * *
You feel sick.
The water moccasin closely misses you. x2
It was a potion of haste.
You feel yourself speed up.
* * * LOW HITPOINT WARNING * * *
You feel sick. The water moccasin barely misses you. You furiously retaliate!
You headbutt the water moccasin, but do no damage.
You completely miss the water moccasin.
Your headbutt misses the water moccasin.
The water moccasin is almost dead.
* * * LOW HITPOINT WARNING * * *
You feel sick. "Heh heh heh..."
The water moccasin looks rather confused.
You are now a very special plaything of Xom.
You aren't carrying any items that you can evoke.
Unknown command.
* * * LOW HITPOINT WARNING * * *
You feel sick. The water moccasin bites you.
* * * LOW HITPOINT WARNING * * *
Unknown command.
You hit the water moccasin. You burn the water moccasin.
You kill the water moccasin!
You die...
Xom bursts into laughter!

Skill      XL: |  1  2  3  4 |
---------------+-------------+-----
Long Blades    | 4 5 6 7 |  7.7
Fighting       | |  3.6
Armour         | |  2.4
Dodging        | |  1.1

Action                   |  1- 3 |  4- 6 || total
-------------------------+-------+-------++-------
Melee: Falchion          |    54 |    59 ||   113
       Headbutt          |     8 |    10 ||    18
  Use: Scroll            |     3 |     3 ||     6
       Potion            |       |     3 ||     3
Armor: Leather armour    |    10 |       ||    10
       Ring mail         |     2 |    23 ||    25
Dodge: Dodged            |    22 |    26 ||    48
       Rpst.: Falchion   |     4 |     4 ||     8

Levels and vault maps discovered:
D:1:      moated_graveyard_arrival, layout_basic,
          dreamdust_ecumenical_altar_grove
D:2:      layout_basic, serial_shops, nicolae_diamond_shop,
          minmay_misc_feat_five, grunt_decor_junction, uniq_terence
D:3:      layout_basic
D:4:      layout_loops_cross, mainiacjoe_overflow_chevrons,
          kennysheep_okawaru_gauntlet, minmay_temple_entry_wispy,
          hangedman_decor_riveting, chequers_mini_garden

Notes
Turn   | Place    | Note
-------+----------+-------------------------------------------
     0 | D:1      | demibob the Minotaur Chaos Knight began the quest for the
                  | Orb.
     0 | D:1      | Reached XP level 1. HP: 19/19 MP: 0/0
    92 | D:1      | Found a faded altar of an unknown god.
   106 | D:1      | Reached skill level 4 in Long Blades
   168 | D:1      | Reached XP level 2. HP: 26/26 MP: 1/1
   521 | D:1      | Reached skill level 5 in Long Blades
   699 | D:1      | Reached XP level 3. HP: 26/31 MP: 2/2
   711 | D:1      | XOM: noise
   863 | D:2      | Found Hyusiuv's General Store.
   873 | D:2      | XOM: silly message
   989 | D:2      | XOM: 3-stop teleportation journey
  1042 | D:2      | Reached skill level 6 in Long Blades
  1042 | D:2      | Reached XP level 4. HP: 26/39 MP: 3/3
  1118 | D:2      | XOM: silly message
  1546 | D:2      | Noticed Terence
  1548 | D:2      | XOM: potion effect (curing)
  1554 | D:2      | Killed Terence
  1704 | D:2      | XOM: silly message
  1800 | D:3      | XOM: give mutations
  1800 | D:3      | Gained mutation: Potions are less effective at restoring
                  | your health. [Xom's mischief]
  1800 | D:3      | Gained mutation: You are dopey. (Int -2) [Xom's mischief]
  1959 | D:3      | Noticed a centaur
  1964 | D:3      | Killed a centaur
  1965 | D:3      | Reached skill level 7 in Long Blades
  1965 | D:3      | Reached XP level 5. HP: 37/45 MP: 4/4
  2196 | D:3      | XOM: 4-stop teleportation journey
  2262 | D:3      | XOM: 9-stop teleportation journey
  2312 | D:4      | Found a staircase to the Ecumenical Temple.
  2328 | D:4      | Noticed a water moccasin
  2334 | D:4      | XOM: swap monsters
  2340 | D:4      | XOM: smoke on damage
  2344 | D:4      | Identified a potion of resistance
  2345 | D:4      | HP: 4/45 [poisoned by a water moccasin]
  2346 | D:4      | XOM: confuse monster(s)
  2347 | D:4      | HP: 1/45 [water moccasin (1)]
  2348 | D:4      | Killed a water moccasin
  2348 | D:4      | Succumbed to a water moccasin's poison

Vanquished Creatures
  A water moccasin (D:4)
  A centaur (D:3)
  Terence (D:2)
  3 gnolls (D:2)
  An adder (D:3)
  A worm (D:3)
  2 dart slugs (D:3)
  2 orcs (D:3)
  6 ball pythons
  3 bats
  6 endoplasms
  2 giant cockroaches
  9 goblins
  3 hobgoblins (D:1)
  2 quokkas (D:1)
  4 frilled lizards
  11 kobolds
  A rat (D:1)
59 creatures vanquished.

Vanquished Creatures (others)
  A goblin (D:4)
  A fungus (D:1)
  5 plants (D:1)
7 creatures vanquished.

Grand Total: 66 creatures vanquished

Table legend: (Time is in decaauts)
 A = Elapsed time spent in this place.
 B = Non-inter-level travel time spent in this place.
 C = Inter-level travel time spent in this place.
 D = Time resting spent in this place.
 E = Time spent auto-exploring this place.
 F = Levels seen in this place.
 G = Mean time per level.
                   A        B        C        D        E       F      G
               +--------+--------+--------+--------+--------+-----+--------+
         Total |   2347 |   2279 |     68 |     77 |   1856 |   4 |  586.8 |
       Dungeon |   2347 |   2279 |     68 |     77 |   1856 |   4 |  586.8 |
               +--------+--------+--------+--------+--------+-----+--------+

Top non-repeatable levels by time:
     D:2: 891 daAuts
     D:1: 835 daAuts
     D:3: 547 daAuts
     D:4: 73 daAuts

Table legend:
 A = Non-vault XP
 B = Vault XP
 C = Vault XP percentage of total XP
 D = Non-vault monster count
 E = Vault monster count
 F = Vault count percentage of total count
                 A         B        C        D         E       F
            +---------+---------+-------+---------+---------+-------
      Total |     434 |      32 |   6.9 |      58 |       1 |   1.7
            +---------+---------+-------+---------+---------+-------
        D:1 |      41 |       0 |   0.0 |      24 |       0 |   0.0
        D:2 |      63 |      32 |  33.7 |      14 |       1 |   6.7
        D:3 |     168 |       0 |   0.0 |      18 |       0 |   0.0
        D:4 |     162 |       0 |   0.0 |       2 |       0 |   0.0
            +---------+---------+-------+---------+---------+-------
